 Dungeon Crawl Stone Soup version 0.29.1-14-g9c671dbff4 (webtiles) character file.

Game seed: 7863022667491038342

5348 growler the Eye of the Storm (level 10, -6/86 HPs)
             Began as a Demonspawn Wanderer on Feb 15, 2023.
             Was a Priest of Qazlal.
             Mangled by a troll (9 damage)
             ... on level 8 of the Dungeon on Feb 16, 2023.
             The game lasted 00:23:03 (11241 turns).

growler the Eye of the Storm (Demonspawn Wanderer) Turns: 11241, Time: 00:23:04

Health: -6/86      AC: 18    Str: 17    XL:     10   Next: 38%
Magic:  14/19      EV: 10    Int: 14    God:    Qazlal [***...]
Gold:   442        SH:  4    Dex: 12    Spells: 10/11 levels left

rFire   + + .      SeeInvis .   f - +3 short sword (flame)
rCold   x . .      Faith    .   (no shield)
rNeg    . . .      Spirit   .   y - +0 fire dragon scales
rPois   .          Reflect  .   (helmet restricted)
rElec   .          Harm     .   A - +2 cloak
rCorr   +          Rampage  .   w - +0 pair of gloves
Will    .....                   (no boots)
Stlth   ..........              (no amulet)
HPRegen 0.24/turn               D - +4 ring of protection
MPRegen 0.16/turn               M - ring of resist corrosion

@: no status effects
A: antennae 1, ignite blood 2, powered by pain 2
a: Renounce Religion, Upheaval, Elemental Force


You were on level 8 of the Dungeon.
You worshipped Qazlal.
Qazlal was most pleased with you.
You visited 1 branch of the dungeon, and saw 9 of its levels.
You also visited: Ossuary.

You collected 442 gold pieces.

Inventory:

Hand Weapons
 f - a +3 short sword of flaming (weapon)
 l - a +2 dagger of draining
Armour
 w - a +0 pair of gloves (worn)
 y - +0 fire dragon scales (worn)
 A - a +2 cloak (worn)
Jewellery
 o - a ring of fire
 v - a ring of fire
 D - a +4 ring of protection (left hand)
 M - a ring of resist corrosion (right hand)
Wands
 z - a wand of polymorph (6)
 F - a wand of digging (5)
 J - a wand of flame (25)
Scrolls
 e - 3 scrolls of noise
 g - 2 scrolls of enchant armour
 i - 2 scrolls of teleportation
 j - 2 scrolls of blinking
 n - a scroll of enchant weapon
 u - a scroll of brand weapon {unknown}
 x - a scroll of poison
 B - a scroll of magic mapping
 C - a scroll of torment {unknown}
 G - a scroll of amnesia
 L - a scroll of identify
Potions
 c - 3 potions of haste
 d - 2 potions of lignification
 h - 4 potions of curing
 k - 3 potions of mutation
 p - 2 potions of might
 r - a potion of brilliance
 s - 7 potions of flight
 t - a potion of heal wounds
 E - a potion of cancellation
 H - a potion of invisibility
 I - a potion of attraction


   Skills:
 + Level 10.8 Fighting
 + Level 5.3 Armour
 + Level 3.9 Dodging
 - Level 1.0 Spellcasting
 - Level 4.0 Summonings
 - Level 12.0 Invocations


You had 10 spell levels left.
You knew the following spells:

 Your Spells              Type           Power      Damage    Failure   Level
a - Summon Small Mammal   Summ           44%        N/A       21%         1

Your spell library contained the following spells:

 Spells                   Type           Power      Damage    Failure   Level
 Call Imp                 Summ           11%        N/A       30%         2
 Summon Lightning Spire   Summ/Air       6%         N/A       99%         4


Dungeon Overview and Level Annotations

Branches:
Dungeon (9/15)             Temple (0/1) D:4         Ossuary (visited)
   Lair: D:8-11         Orc: D:9-12

Altars:
Fedhas
Gozag
Kikubaaqudgha
Qazlal
Trog
Vehumet
Xom
Jiyva

Shops:
D:6 ((:

Annotations:
D:8 3 runed translucent doors, om's ghost, journeyman DjFE


Innate Abilities, Weirdness & Mutations

You have a pair of small antennae on your head.
Your demonic aura often causes spilled blood to erupt in flames.
You sometimes gain power by taking damage.


Message History

The troll claws you!
You barely miss the killer bee.
You feel sick.
The killer bee stings you but does no damage. x2
The troll barely misses you. The troll claws you but does no damage.
The troll claws you. You block the killer bee's attack.
You hit the killer bee. You burn the killer bee.
The killer bee is moderately wounded.
You feel sick. The killer bee barely misses you. The troll closely misses you.
The troll barely misses you. The troll closely misses you.
The killer bee barely misses you.
Unknown command.
You barely miss the killer bee.
The killer bee is moderately wounded.
You feel sick. You block the killer bee's attack. The troll bites you!
* * * LOW HITPOINT WARNING * * *
The troll barely misses you. You block the troll's attack.
The killer bee stings you but does no damage.
You closely miss the killer bee.
The killer bee is moderately wounded.
You feel sick. The killer bee stings you.
* * * LOW HITPOINT WARNING * * *
You are more poisoned.
The killer bee poisons you! The troll bites you!
* * * LOW HITPOINT WARNING * * *
The troll barely misses you. The troll closely misses you.
The killer bee stings you.
* * * LOW HITPOINT WARNING * * *
You feel better. The killer bee barely misses you.
You block the troll's attack. x2; The troll claws you but does no damage.
The killer bee closely misses you.
Activating: Elemental Force (0% risk of failure)
Press: ? - help, Dir - look around, f - activate Clouds arounds you coalesce and take form!
The killer bee stings you.
* * * LOW HITPOINT WARNING * * *
The troll is engulfed in freezing vapours.
The troll barely misses you. The troll claws you!
* * * LOW HITPOINT WARNING * * *
The troll claws you!
You die...

#.# ##.#....##.#
#.# #......###..
#.# #......# ##.
#.# #......# #.
#.# ####...# #.
#.# #.######.
##.## #.# #...
#y..# ##.####.#.
#@..#####.........
#ET...............
#...####..#.......
#...# #.##.......
##### ##.##.......
#...[.......
##...#.....))
#..######.... #..#
#....


You could see a troll (ally target), a killer bee and a friendly water elemental
(summoned).

Vanquished Creatures
  Erica (D:8)
  A cyclops (D:8)
  Grinder (D:5)
  A steam dragon (D:7)
  4 water moccasins
  Duvessa (D:4)
  A sky beast (D:7)
  2 orc warriors
  A black bear (D:8)
  2 ice beasts
  A centaur (D:7)
  A kobold brigand (D:7)
  2 elf zombies (Ossuary)
  2 bullfrogs
  4 necrophages
  A gnoll sergeant (D:8)
  2 scorpions (D:5)
  13 wights
  Dowan (D:4)
  3 killer bees
  3 howler monkeys
  4 centaur zombies (Ossuary)
  2 orc priests
  4 hounds
  3 jellies
  A human zombie (Ossuary)
  5 iguanas
  Jessica (D:2)
  Terence (D:2)
  Natasha (thrice) (D:3)
  3 orc wizards
  2 mummies (Ossuary)
  Robin (D:2)
  14 gnolls
  8 adders
  2 shadow imps (D:7)
  2 white imps
  An ufetubus (D:5)
  An adder zombie (Ossuary)
  A dart slug (D:2)
  13 orcs
  7 bats
  6 endoplasms
  3 giant cockroaches
  22 goblins
  8 hobgoblins
  13 jackals
  4 quokkas
  5 ball pythons
  4 frilled lizards
  A goblin zombie (Ossuary)
  8 hobgoblin zombies (Ossuary)
  11 kobolds
  7 kobold zombies (Ossuary)
  13 orc zombies (Ossuary)
  4 rats
236 creatures vanquished.

Vanquished Creatures (others)
  2 orcs (D:7)
2 creatures vanquished.

Grand Total: 238 creatures vanquished

Notes
Turn   | Place    | Note
-------+----------+-------------------------------------------
     0 | D:1      | growler the Demonspawn Wanderer began the quest for the
                  | Orb.
     0 | D:1      | growler set off with the following items: a +0 club, a +0
                  | ring mail, a potion of heal wounds, a potion of
                  | lignification; and the following spell memorised: Summon
                  | Small Mammal; and the following spells available to
                  | memorise: Call Imp, Summon Lightning Spire.
     0 | D:1      | Reached XP level 1. HP: 13/13 MP: 2/2
   157 | D:1      | Reached skill level 1 in Fighting
   366 | D:1      | Found a faded altar of an unknown god.
   386 | D:1      | Gained mutation: You sometimes gain a little power by
                  | taking damage. [demonic ancestry]
   386 | D:1      | Reached XP level 2. HP: 21/22 MP: 3/3
   415 | D:1      | Prayed at the altar of an unknown god.
   415 | D:1      | Became a worshipper of Qazlal Stormbringer
   415 | D:1      | Reached * piety under Qazlal
  1185 | D:2      | Gained mutation: You sometimes gain power by taking damage.
                  | [demonic ancestry]
  1185 | D:2      | Reached XP level 3. HP: 27/28 MP: 4/4
  1267 | D:2      | Reached ** piety under Qazlal
  1562 | D:2      | Noticed Jessica
  1568 | D:2      | Killed Jessica
  1569 | D:2      | Reached skill level 1 in Invocations
  1709 | D:2      | Reached skill level 2 in Invocations
  1893 | D:2      | Reached XP level 4. HP: 35/35 MP: 5/5
  1894 | D:2      | Noticed Robin
  2078 | D:2      | Killed Robin
  2587 | D:2      | Noticed Terence
  2598 | D:2      | Killed Terence
  2599 | D:2      | Reached skill level 3 in Invocations
  2932 | D:3      | Reached XP level 5. HP: 35/37 MP: 7/7
  3044 | D:3      | Found a radiant altar of Vehumet.
  3138 | D:3      | Noticed a water moccasin
  3140 | D:3      | Killed a water moccasin
  3141 | D:3      | Reached skill level 4 in Invocations
  3273 | D:3      | Noticed Natasha
  3303 | D:3      | Killed Natasha
  3304 | D:3      | Gained mutation: Your demonic aura sometimes causes spilled
                  | blood to erupt in flames. [demonic ancestry]
  3304 | D:3      | Reached XP level 6. HP: 20/49 MP: 9/9
  3527 | D:3      | Reached skill level 5 in Invocations
  3838 | D:3      | Reached *** piety under Qazlal
  4098 | D:3      | Noticed Natasha
  4105 | D:3      | Killed Natasha
  4242 | D:3      | Noticed Natasha
  4253 | D:3      | Killed Natasha
  4254 | D:3      | Reached skill level 5 in Fighting
  4431 | D:4      | Found a sand-covered staircase.
  4437 | Ossuary  | Entered an ossuary
  4643 | Ossuary  | Reached skill level 6 in Invocations
  4643 | Ossuary  | Reached XP level 7. HP: 24/56 MP: 4/11
  4922 | Ossuary  | Reached skill level 7 in Invocations
  5204 | D:4      | Noticed Dowan
  5206 | D:4      | Noticed Duvessa
  5211 | D:4      | Killed Duvessa
  5216 | D:4      | Killed Dowan
  5772 | D:4      | Found a staircase to the Ecumenical Temple.
  5780 | D:4      | Reached XP level 8. HP: 52/65 MP: 13/13
  5784 | D:4      | Reached skill level 8 in Invocations
  5921 | D:5      | Entered Level 5 of the Dungeon
  6138 | D:5      | Found an opulent altar of Gozag.
  6140 | D:5      | Noticed Grinder
  6142 | D:5      | Killed Grinder
  6143 | D:5      | Reached skill level 9 in Invocations
  6610 | D:5      | Found a bloodstained altar of Trog.
  6914 | D:5      | Reached skill level 10 in Invocations
  7114 | D:5      | Found an ancient bone altar of Kikubaaqudgha.
  7117 | D:5      | Found a blossoming altar of Fedhas.
  7674 | D:5      | Gained mutation: Your demonic aura often causes spilled
                  | blood to erupt in flames. [demonic ancestry]
  7674 | D:5      | Reached XP level 9. HP: 14/75 MP: 16/16
  7994 | D:6      | Found Otufol's Antique Weapon Shoppe.
  8017 | D:6      | Found Pifofoo's Firing Range.
  8279 | D:6      | Found Ysunos's Tremendous Tomes.
  8618 | D:7      | Reached skill level 11 in Invocations
  9264 | D:7      | Found a shimmering altar of Xom.
  9424 | D:7      | Reached skill level 12 in Invocations
  9446 | D:7      | Reached skill level 10 in Fighting
  9705 | D:8      | Noticed Erica
  9727 | D:8      | Killed Erica
  9728 | D:8      | Gained mutation: You have a pair of small antennae on your
                  | head. [demonic ancestry]
  9728 | D:8      | Reached XP level 10. HP: 58/85 MP: 12/19
 10029 | D:8      | Identified the +7 rapier "Vyrasiph" {vorpal, Will+ Str+7}
 10623 | D:8      | Reached skill level 5 in Armour
 10633 | D:8      | Noticed a cyclops
 10648 | D:8      | Killed a cyclops
 10973 | D:8      | Found a runed translucent gate.
 10974 | D:8      | Found a runed translucent gate.
 10974 | D:8      | Found a runed translucent gate.
 10976 | D:8      | Noticed om's ghost (journeyman DjFE)
 11193 | D:8      | Found a viscous altar of Jiyva.
 11241 | D:8      | HP: 3/86 [troll (7)]
 11241 | D:8      | Mangled by a troll

Illustrated notes

Levels and vault maps discovered:
D:1:      minmay_arrival_jagged, layout_basic,
          hellmonk_ecumenical_altar_inner_sanctum
D:2:      layout_loops_corners, minmay_tromino_v2, uniq_jessica, uniq_robin,
          uniq_terence
D:3:      minmay_recursive_quarters, layout_loops_ring,
          mainiacjoe_overflow_boulevard, minmay_misc_feat_diagonals,
          minmay_fountain_box, uniq_natasha
D:4:      corexii_shack_village, layout_basic, minmay_temple_entry_proselytizer,
          nicolae_ossuary_entry_plus, minivault_1, wad_floor_pattern_1,
          uniq_duvessa
D:5:      cheibrodos_quashed, layout_layer_cave,
          grunt_temple_overflow_growth_and_decay, mainiacjoe_overflow_chevrons,
          mainiacjoe_overflow_six_doors_small, marbit_many_paths, uniq_grinder
D:6:      layout_basic, mainiacjoe_overflow_catwalk, serial_shops,
          nicolae_shop_waterfront, nicolae_shop_i_like_big_books,
          nicolae_shop_firing_range
D:7:      layout_cave_pools, mainiacjoe_overflow_24_doors, wad_rectangle_vault
D:8:      layout_rooms, gammafunk_ghost_ooze, uniq_erica
D:9:      layout_rooms, nemelex_xobeh_ov_fountains_minmay,
          nicolae_overflow_squiral, nicolae_overflow_two_pavilions

Skill      XL: |  1  2  3  4  5  6  7  8  9 10 |
---------------+-------------------------------+-----
Fighting       | 1 2 3 4 5 6 8 10 | 10.8
Invocations    | 2 3 4 6 7 10 12 | 12.0
Armour         | 4 5 |  5.3
Dodging        | 2 3 |  3.9
Spellcasting   | |  1.0
Summonings     | |  4.0

Action                   |  1- 3 |  4- 6 |  7- 9 | 10-12 || total
-------------------------+-------+-------+-------+-------++-------
Melee: Short sword       |   103 |   242 |   411 |   122 ||   878
       Club              |     8 |       |       |       ||     8
       Punch             |     2 |     2 |     5 |       ||     9
Invok: Upheaval          |       |     4 |    11 |     5 ||    20
       Elemental Force   |       |       |       |     1 ||     1
  Use: Potion            |       |     1 |     3 |     1 ||     5
       Scroll            |       |     5 |    12 |     1 ||    18
Armor: Ring mail         |    57 |   137 |    41 |       ||   235
       Skin              |       |       |    43 |       ||    43
       Fire dragon scale |       |       |   170 |    58 ||   228
Dodge: Dodged            |    52 |   158 |   221 |    64 ||   495
Block: Other             |     7 |    45 |    95 |    31 ||   178
